 Dungeon Crawl Stone Soup version 0.24-a0-644-g049a785 (webtiles) character file.

Game seed: 9917204920633263694, levelgen mode: deterministic

137 Charmandara the Chopper (level 5, -7/45 HPs)
             Began as a Draconian Abyssal Knight on Sept 26, 2019.
             Was a Believer of Lugonu.
             Killed from afar by Psyche (9 damage)
             ... with a puff of frost
             ... on level 8 of the Dungeon.
             The game lasted 00:03:42 (479 turns).

Charmandara the Chopper (Draconian Abyssal Knight)   Turns: 479, Time: 00:03:43

Health: -7/45      AC:  5    Str: 14    XL:     5   Next: 0%
Magic:  4/6        EV: 12    Int: 14    God:    Lugonu [**....]
Gold:   50         SH:  0    Dex: 10    Spells: 4/4 levels left

rFire    . . .     SeeInvis .   a - +1 hand axe
rCold    . . .     Gourm    .   (no shield)
rNeg     . . .     Faith    .   (armour unavailable)
rPois    .         Spirit   .   (helmet restricted)
rElec    .         Reflect  .   (no cloak)
rCorr    .         Harm     .   (no gloves)
MR       .....                  (no boots)
Stlth    +.........             (no amulet)
HPRegen  0.15/turn              (no ring)
MPRegen  0.10/turn              (no ring)

@: no status effects
A: unfitting armour, cold-blooded, AC +5
a: Depart the Abyss, Bend Space, Renounce Religion


You were on level 8 of the Dungeon.
You worshipped Lugonu.
Lugonu was pleased with you.
You were not hungry.

You visited 2 branches of the dungeon, and saw 7 of its levels.
You visited the Abyss 1 time.

You collected 50 gold pieces.

Inventory:

Hand Weapons
 a - a +1 hand axe (weapon)
 i - the +3 mace "Cyluc" {crush, rC+ rN+}
   (You found it on level 7 of the Dungeon)

   It inflicts extra damage upon your enemies.
   It protects you from cold.
   It protects you from negative energy.
Wands
 j - a wand of random effects (34)
   (You found it on level 7 of the Dungeon)
Scrolls
 c - a scroll of amnesia
 d - a scroll of enchant weapon {unknown}
 e - a scroll of identify {unknown}
 h - a scroll of enchant armour {unknown}
Comestibles
 b - 2 rations
 f - 2 chunks of flesh {@w0}


   Skills:
 - Level 3.2 Fighting
 + Level 5.2 Axes
 - Level 2.1 Dodging
 - Level 2.0 Invocations


You had 4 spell levels left.
You didn't know any spells.
Your spell library was empty.

Dungeon Overview and Level Annotations

Branches:
Dungeon (8/15)             Temple (1/1) D:4
   Lair: D:8-11

Altars:
Cheibriados
Elyvilon
Okawaru
Trog
Vehumet
Wu Jian
Xom
Yredelemnul
Zin
The Shining One

Shops:
D:7 }

Annotations:
D:8 Psyche


Innate Abilities, Weirdness & Mutations

Your plain brown scales are hard. (AC +5)
You cannot fit into any form of body armour.
You are cold-blooded and may be slowed by cold attacks.


Message History

Reactivating autopickup.
Your Axes skill increases to level 4!
You have reached level 3!
Your experience leads to an increase in your attributes!
Increase (S)trength, (I)ntelligence, or (D)exterity?
You feel clever.
Your scales feel tougher.
You have reached level 4!
You feel clever.
You feel a bit more experienced.
The bolt of poison misses the orc.
The orc misses you.
The orc wizard points at you and mumbles some strange words.
You resist with some effort.
The orc wizard gestures at you while chanting.
The puff of flame hits you. The orc hits you.
* * * LOW HITPOINT WARNING * * *
You regained 2 hp, and now have 11/38 hp.
MP restored: 5 Unknown command.
You aren't carrying any potions.
Unknown command.
Unknown command.
You hit the orc.
You kill the orc!
Lugonu accepts your kill.
You can now bend space around yourself.
You hit the orc. You hit the orc but do no damage.
You hit the orc wizard but do no damage.
The orc wizard closely misses you. The orc hits you but does no damage.
Unknown command.
Unknown command.
You hit the orc wizard.
Your tail-slap misses the orc wizard.
You hit the orc.
You hit the orc wizard but do no damage.
The orc wizard points at you and mumbles some strange words.
The magic dart hits you.
* * * LOW HITPOINT WARNING * * *
The orc hits you with a +0 flail.
* * * LOW HITPOINT WARNING * * *
You take 7 damage, and have 4/38 hp.
Unknown command.
You aren't carrying any potions.
Unknown command.
You hit the orc wizard. x2; You completely miss the orc.
The orc wizard mumbles some strange words.
The orc wizard blinks!
Space bends around you!
You blink.
The orc wizard mumbles some strange words.
The orc wizard blinks!
You take 2 damage, and have 2/38 hp.
You now have 4/5 mp.
Unknown command.
Unknown command.
Aim: an orc, wielding a +0 flail and wearing a +0 chain mail The fireball explodes!
The fireball engulfs the orc. x2
You kill the orc!
Lugonu accepts your kill.
The fireball engulfs the orc wizard!
You kill the orc wizard!
Lugonu accepts your kill.
Your Axes skill increases to level 5!
You hear a shout! x2
Unknown command.
Unknown command.
Unknown command.
You aren't carrying any potions.
Unknown command.
Okay, then.
You hit the orc.
You kill the orc!
Lugonu accepts your kill.
You have reached level 5!
You closely miss the orc wizard. The orc wizard closely misses you.
You hit the orc wizard.
The orc wizard hits you but does no damage.
Psyche the Insane Magess comes into view.
She is wielding a +0 dagger of chaos.
Unknown command.
Aim: Psyche, wielding a +0 dagger of chaos and wearing a +0 robe The fireball explodes!
The fireball engulfs Psyche!
You hear a shout!
You hear an angry hiss.
The orc wizard hits you but does no damage.
Unknown command.
You hit the orc wizard. The orc wizard closely misses you.
The orc wizard hits you but does no damage.
The orc wizard hits you with a +0 dagger.
* * * LOW HITPOINT WARNING * * *
Things that are here:
a +0 flail; a +0 chain mail You take 2 damage, and have 2/45 hp.
Unknown command.
The orc wizard barely misses you.
Things that are here:
a +0 dagger; a +0 robe Unknown command.
You aren't carrying any potions.
Unknown command.
As you read the scroll labeled OBUT RIP RAOTH, it crumbles to dust.
It is a scroll of amnesia.
You feel forgetful for a moment.
Psyche points at you and mumbles some strange words.
The puff of frost hits you!
You die...

(#.... ..... #...#
####.#.# #
##..._.. ...
####...#.####....
##........../o.##.
#....o@<##...o....
##...)@.#######...
#####.).# ##.[#
####


You could see Psyche and an orc wizard.

Vanquished Creatures
  A black bear (D:8)
  An orc wizard (D:8)
  A leopard gecko (D:4)
  4 orcs
  3 bats
  2 hobgoblins
  2 kobolds (D:1)
  A quokka (D:4)
  A frilled lizard (D:1)
  2 rats (D:1)
18 creatures vanquished.

Notes
Turn   | Place    | Note
-------+----------+-------------------------------------------
     0 | Abyss:1  | Charmandara the Draconian Abyssal Knight began the quest
                  | for the Orb.
     0 | Abyss:1  | Reached XP level 1. HP: 19/19 MP: 2/2
    48 | D:1      | Escaped the Abyss
   170 | D:3      | Reached XP level 2. HP: 14/26 MP: 3/3
   212 | D:3      | Reached skill level 3 in Axes
   257 | D:4      | Found a staircase to the Ecumenical Temple.
   278 | Temple   | Entered the Ecumenical Temple
   394 | D:4      | HP: 3/26 [hound (6)]
   398 | D:4      | You fall into a shaft and drop 3 floors!
   398 | D:7      | Found Bupes's Gadget Shop.
   430 | D:7      | Got a dazzling mace
   431 | D:7      | Identified the +3 mace "Cyluc" {crush, rC+ rN+} (You found
                  | it on level 7 of the Dungeon)
   449 | D:8      | Found a basalt altar of Yredelemnul.
   450 | D:8      | Noticed a black bear
   467 | D:8      | Killed a black bear
   467 | D:8      | Reached skill level 4 in Axes
   467 | D:8      | Reached XP level 3. HP: 10/31 MP: 4/4
   467 | D:8      | Reached XP level 4. HP: 13/38 MP: 5/5
   468 | D:8      | Reached ** piety under Lugonu
   469 | D:8      | HP: 7/38 [orc wizard/magic dart (4)]
   472 | D:8      | Reached skill level 5 in Axes
   473 | D:8      | Reached XP level 5. HP: 3/45 MP: 4/6
   474 | D:8      | Noticed Psyche
   477 | D:8      | HP: 2/45 [orc wizard/+0 dagger (2)]
   479 | D:8      | Killed from afar by Psyche

Levels and vault maps discovered:
D:1:      giann_bridges, layout_rooms
D:2:      layout_loops_ring, marbit_many_paths, gammafunk_temple_overflow_statue
D:3:      layout_basic, evilmike_ruin_ashenzari, overflow_temple_1_default
D:4:      layout_rooms, minmay_temple_entry_grid, portal_sewer_entry_f
D:7:      layout_basic, nemelex_altar_shiori, nicolae_ru_path_of_blood,
          serial_shops, shop, shop
D:8:      layout_cave_pools, kiku_gazebo_garden_becter, lemuel_crystal_altar,
          kennysheep_mini_moat, lemuel_coloured_pillars_altar, lair_entry_dummy,
          gammafunk_ghost_smash, serial_shops, nicolae_shop_trees, uniq_psyche
Temple:   nicolae_temple_figure_zero

Skill      XL: |  1  2  3  4 |
---------------+-------------+-----
Axes           | 4 5 |  5.2
Fighting       | |  3.2
Dodging        | |  2.1
Invocations    | |  2.0

Action                   |  1- 3 |  4- 6 || total
-------------------------+-------+-------++-------
Melee: Hand axe          |    38 |     6 ||    44
       Tailslap          |     3 |       ||     3
Invok: Bend Space        |       |     1 ||     1
Evoke: Wand              |     5 |     3 ||     8
  Use: Potion            |     2 |       ||     2
       Scroll            |       |     1 ||     1
Armor: Skin              |    22 |     2 ||    24
Dodge: Dodged            |    44 |     5 ||    49

Table legend:
 A = Non-vault XP
 B = Vault XP
 C = Vault XP percentage of total XP
 D = Non-vault monster count
 E = Vault monster count
 F = Vault count percentage of total count
                 A         B        C        D         E       F
            +---------+---------+-------+---------+---------+-------
      Total |     197 |       0 |   0.0 |      18 |       0 |   0.0
            +---------+---------+-------+---------+---------+-------
        D:1 |       8 |       0 |   0.0 |       6 |       0 |   0.0
        D:2 |       2 |       0 |   0.0 |       1 |       0 |   0.0
        D:3 |       9 |       0 |   0.0 |       4 |       0 |   0.0
        D:4 |       5 |       0 |   0.0 |       2 |       0 |   0.0
        D:8 |     173 |       0 |   0.0 |       5 |       0 |   0.0
            +---------+---------+-------+---------+---------+-------

Levels and vault maps discovered:
D:1:      giann_bridges, layout_rooms
D:2:      layout_loops_ring, marbit_many_paths, gammafunk_temple_overflow_statue
D:3:      layout_basic, evilmike_ruin_ashenzari, overflow_temple_1_default
D:4:      layout_rooms, minmay_temple_entry_grid, portal_sewer_entry_f
D:7:      layout_basic, nemelex_altar_shiori, nicolae_ru_path_of_blood,
          serial_shops, shop, shop
D:8:      layout_cave_pools, kiku_gazebo_garden_becter, lemuel_crystal_altar,
          kennysheep_mini_moat, lemuel_coloured_pillars_altar, lair_entry_dummy,
          gammafunk_ghost_smash, serial_shops, nicolae_shop_trees, uniq_psyche
Temple:   nicolae_temple_figure_zero

Table legend:
 A = Turns spent in this place as a percentage of turns spent in the entire game.
 B = Non-inter-level travel turns spent in this place as a percentage of non-inter-level travel turns spent in the entire game.
 C = Inter-level travel turns spent in this place as a percentage of turns spent in this place.
 D = Turns resting spent in this place as a percentage of non-inter-level travel turns spent in this place.
 E = Turns spent auto-exploring this place as a percentage of non-inter-level travel turns spent in this place.
 F = Non-inter-level travel turns spent in this place divided by the number of levels of this place that you've seen.
                   A       B       C       D       E      F
               +-------+-------+-------+-------+-------+----------------------
         Total | 100.0 | 100.0 |   1.0 |   0.0 |   0.0 |  59.2
       Dungeon |  76.6 |  77.4 |   0.0 |   0.0 |   0.0 |  61.2
        Temple |  13.4 |  12.4 |   7.8 |   0.0 |   0.0 |  59.0
         Abyss |  10.0 |  10.1 |   0.0 |   0.0 |   0.0 |  48.0
               +-------+-------+-------+-------+-------+----------------------

Table legend:
 A = Kills in this place as a percentage of kills in entire the game.
 B = Kills by you in this place as a percentage of kills by you in the entire game.
 C = Kills by friends in this place as a percentage of kills by friends in the entire game.
 D = Other kills in this place as a percentage of other kills in the entire game.
 E = Experience gained in this place as a percentage of experience gained in the entire game.
 F = Experience gained in this place divided by the number of levels of this place that you have seen.
                   A       B       C       D       E      F
               +-------+-------+-------+-------+-------+----------------------
         Total | 100.0 | 100.0 |   N/A |   N/A | 100.0 |  24.6
       Dungeon | 100.0 | 100.0 |   N/A |   N/A | 100.0 |  32.8
               +-------+-------+-------+-------+-------+----------------------
